 Dungeon Crawl Stone Soup version 0.30-a0-726-gd89dcf765f (webtiles) character file.

Game seed: 17919966347355116605

12712 demibob the Severer (level 11, -3/104 HPs)
             Began as a Hill Orc Fighter on Jan 29, 2023.
             Was a High Priest of Beogh.
             Slain by an orange demon (8 damage)
             ... summoned by an orc high priest
             ... on level 2 of the Orcish Mines.
             The game lasted 00:18:46 (11986 turns).

demibob the Severer (Hill Orc Fighter)             Turns: 11986, Time: 00:18:47

Health: -3/104     AC: 12    Str: 20    XL:     11   Next: 97%
Magic:  11/11      EV:  9    Int:  8    God:    Beogh [*****.]
Gold:   1063       SH:  5    Dex: 14    Spells: 10/10 levels left

rFire   . . .      SeeInvis .    a - +1 war axe (flame)
rCold   . . .      Faith    .    c - +0 buckler
rNeg    . . .      Spirit   .    b - +1 scale mail {rPois}
rPois   +          Reflect  .    (no helmet)
rElec   .          Harm     .    i - scarf {repulsion}
rCorr   .          Rampage  .    (no gloves)
Will    .....                    t - +1 pair of boots Stlth
                                 s - amulet of magic regeneration
HPRegen 0.37/turn                L - ring of flight
MPRegen 0.52/turn                (no ring)

@: mighty, lethally poisoned (-3 -> -4), flying, repel missiles
A: walk on water
a: Renounce Religion, Smiting, Recall Orcish Followers, Give Item to Named
Follower


You were on level 2 of the Orcish Mines.
You worshipped Beogh.
Beogh was extremely pleased with you.
You visited 2 branches of the dungeon, and saw 14 of its levels.
You also visited: Sewer.

You collected 1380 gold pieces.
You spent 317 gold pieces at shops.


   Skills:
 + Level 12.1 Fighting
 - Level 16.0 Axes
 + Level 11.7 Armour
 - Level 4.0 Shields


You had 10 spell levels left.
You didn't know any spells.
Your spell library contained the following spells:

 Spells                   Type           Power      Damage    Failure   Level
 Foxfire                  Conj/Fire      0%         2x1d4     78%         1
 Inner Flame              Hex/Fire       0%         N/A       98%         3
 Animate Armour           Summ/Erth      0%         N/A       100%        4
 Cause Fear               Hex            0%         N/A       100%        4
 Blade Hands              Tmut           0%         N/A       100%        5
 Fireball                 Conj/Fire      0%         3d3       100%        5
 Freezing Cloud           Conj/Ice/Air   0%         6-21      100%        5
 Irradiate                Conj/Tmut      0%         3d11      100%        5
 Yara's Violent Unravell  Hex/Tmut       0%         3d3       100%        5
 Iron Shot                Conj/Erth      0%         9d1       100%        6
 Simulacrum               Ice/Necr       0%         N/A       100%        6
 Starburst                Conj/Fire      0%         6d3       100%        6
 Dragon Form              Tmut           0%         N/A       100%        7
 Enfeeble                 Hex            0%         N/A       100%        7
 Discord                  Hex            0%         N/A       100%        8
 Polar Vortex             Ice            0%         N/A       100%        9

Inventory:

Hand Weapons
 a - a +1 war axe of flaming (weapon)
Missiles
 v - 2 throwing nets {=f}
Armour
 b - a +1 scale mail of poison resistance (worn)
 c - a +0 buckler (worn)
 i - a scarf of repulsion (worn)
 q - a +0 plate armour
 t - a +1 pair of boots (worn)
Magical Staves
 n - a staff of poison {!a}
Jewellery
 s - an amulet of magic regeneration (around neck)
 D - a +6 ring of dexterity
 J - an amulet of the acrobat
 L - a ring of flight (left hand)
Wands
 h - a wand of flame (2)
 u - a wand of iceblast (15)
 y - a wand of light (15)
 F - a wand of paralysis (4)
Scrolls
 d - 2 scrolls of poison
 f - 4 scrolls of teleportation {@r2}
 p - 5 scrolls of fog
 w - a scroll of magic mapping
 x - a scroll of blinking
 A - 3 scrolls of enchant weapon
 B - 2 scrolls of brand weapon
 E - a scroll of amnesia
 K - a scroll of butterflies
Potions
 e - a potion of cancellation
 g - 4 potions of attraction
 j - 2 potions of degeneration
 k - 5 potions of lignification
 l - 2 potions of brilliance
 m - 5 potions of curing {@q1}
 r - a potion of magic
 z - a potion of mutation {unknown}
 H - a potion of ambrosia
 I - a potion of flight

Dungeon Overview and Level Annotations

Branches:
Dungeon (12/15)            Temple (0/1) D:5            Lair (0/5) D:10
    Orc (2/2) D:12            Elf (0/3) Orc:2         Sewer (visited)

Altars:
Elyvilon
Nemelex Xobeh
Okawaru
Trog
Uskayaw
Xom
Yredelemnul

Shops:
D:2 =   D:8 ?   Orc:2 **

Annotations:
D:6 1 runed translucent door
D:7 1 runed translucent door, Crazy Yiuf
Orc:2 exclusion: oklob plant ### .∩▒ #.. ..▒ ##.. ▒▒.. #.##... o44

....... ▒.o
#.##.#. ... ▒▒oo▒▒
# ###. ... ▒.4oo▒
#.# ▒.▒ ▒@▒ ##.
▒.▒ ▒▒o▒ ## ▒.▒
▒▒oo▒ ### ▒.▒
▒▒▒oo▒▒ #..
...▒▒▒▒.▒▒▒▒ooo▒▒
##.
▒.....oo....▒▒▒
##. ▒▒▒▒▒▒.▒▒▒▒▒▒
#))
▒▒▒▒▒▒▒o▒▒▒▒▒▒▒▒▒▒
##).
...oooo..........#
##### ####...


You could see an orc knight (drained), 3 orc high priests, an orange demon
(summoned), a hellwing (summoned), a rust devil (summoned), an orc sorcerer
(ally target), an orc warrior, a friendly orc knight (strong), the friendly Gorg
the orc knight (strong), 2 friendly orc warriors, the friendly Bogmar the orc
priest (strong), a friendly orc wizard (strong) and a friendly orc (strong).


Message History

The orc warrior hits you with a +0 war axe.
* * * LOW HITPOINT WARNING * * *
The orc high priest intones a terrible prayer.
The ynoxinul gestures.
Unknown command.
You feel much better.
You feel sick.
The orc sorcerer mumbles some strange words.
The orange demon stings you from afar!
The orc high priest prays to Beogh.
The orc priest mumbles some strange prayers to Beogh against you.
Beogh smites you!
* * * LOW HITPOINT WARNING * * *
The orc warrior closely misses you.
An orc knight comes into view. It is wielding a +0 glaive.
You feel very mighty all of a sudden.
You feel sick.
The ynoxinul disappears in a puff of smoke!
Bogmar casts a cantrip, but nothing happens.
The orc sorcerer points at you and mumbles some strange words.
The bolt of fire hits you!!
* * * LOW HITPOINT WARNING * * *
The bolt of fire hits Gorg!!
The bolt of fire hits your orc knight!
The orc warrior hits you with a +0 war axe!
* * * LOW HITPOINT WARNING * * *
The orc high priest invokes the aid of Beogh against you.
Beogh smites you!
* * * LOW HITPOINT WARNING * * *
The orange demon stings you from afar!
You die...
Beogh appreciates the orange demon's killing of a heretic priest.

Skill      XL: |  1  2  3  4  5  6  7  8  9 10 11 |
---------------+----------------------------------+-----
Axes           | 3 4 5 7 8 10 13 16 | 16.0
Shields        | 4 |  4.0
Armour         | 4 6 9 11 | 11.7
Fighting       | 5 9 12 | 12.1

Action                     |  1- 3 |  4- 6 |  7- 9 | 10-12 || total
---------------------------+-------+-------+-------+-------++-------
  Melee: War axe           |   107 |   103 |   344 |   274 ||   828
 Invoke: Convert to Beogh  |     1 |       |       |       ||     1
         Recall Orcish Fol |       |       |       |     2 ||     2
  Evoke: Wand              |       |       |       |     2 ||     2
    Use: Scroll            |     5 |     5 |     8 |     3 ||    21
         Potion            |       |     3 |     3 |     5 ||    11
   Stab: Distracted        |       |       |       |     3 ||     3
         Confused          |       |       |       |     2 ||     2
         Invisible         |       |       |       |     1 ||     1
 Armour: Scale mail        |    46 |    12 |   149 |   104 ||   311
         Plate armour      |       |    28 |       |       ||    28
         Skin              |       |     1 |       |       ||     1
  Dodge: Dodged            |    38 |    38 |   109 |    93 ||   278
         Repelled          |     1 |       |     3 |     2 ||     6
  Block: Buckler           |    23 |    19 |    68 |    45 ||   155

Levels and vault maps discovered:
D:1:      elethiomel_arrival_maze, layout_loops_ring,
          nicolae_concentric_dashed_squares_wild
D:2:      layout_basic, serial_shops, nicolae_shop_stone,
          kennysheep_another_room, st_stairs_13, roderic_lattice_a
D:3:      layout_loops_ring, trog_butcher_becter, guppyfry_early_lair_pool
D:4:      layout_basic, minmay_cupped, uniq_edmund
D:5:      layout_loops_cross, minmay_temple_entry_large_hall,
          minmay_misc_feat_square, dreamdust_princess_corridor
D:6:      lemuel_insect_pit, layout_basic, portal_sewer_entry_a
D:7:      layout_cave_pools, xom_teletrap_fun, kennysheep_nub, uniq_duvessa,
          uniq_menkaure, uniq_crazy_yiuf_cottage, uniq_joseph
D:8:      layout_loops_ring, mainiacjoe_overflow_swirl,
          mainiacjoe_overflow_paths, serial_shops, nicolae_shop_crystal,
          lightli_orcish_oven
D:9:      layout_basic, nicolae_overflow_hidden_temple,
          nemelex_spade_bored_becter, sword_in_stone
D:10:     layout_big_octagon, erik_lair_orcish_takeover, st_stairs_5, uniq_lodul
D:11:     layout_irregular_city, minmay_fractal_squares_gapless_5, uniq_sonja
D:12:     layout_gridville, zombieorc2_lemuel, serial_undead, serial_undead_d,
          serial_undead_d, serial_undead_f, serial_undead_a, serial_undead_b,
          serial_undead_a
Orc:1:    layout_diamond_mine, serial_shops, shop_fountains
Orc:2:    st_orc_elflike, layout_diamond_mine, serial_shops,
          nicolae_shop_window_shopping, mines3_lemuel

Notes
Turn   | Place    | Note
-------+----------+-------------------------------------------
     0 | D:1      | demibob the Hill Orc Fighter began the quest for the Orb.
     0 | D:1      | Reached XP level 1. HP: 19/19 MP: 1/1
    59 | D:1      | Reached skill level 3 in Axes
    91 | D:1      | Reached XP level 2. HP: 26/26 MP: 2/2
   282 | D:1      | Reached skill level 4 in Axes
   301 | D:1      | Reached XP level 3. HP: 28/31 MP: 3/3
  1118 | D:2      | Found Esiq's Jewellery Boutique.
  1944 | D:3      | Became a worshipper of Beogh the Brigand
  1959 | D:3      | Reached skill level 4 in Shields
  1986 | D:3      | Reached XP level 4. HP: 36/39 MP: 4/4
  2159 | D:3      | Reached skill level 5 in Axes
  2437 | D:3      | Found a bloodstained altar of Trog.
  2846 | D:4      | Reached XP level 5. HP: 13/45 MP: 5/5
  3064 | D:4      | Reached skill level 6 in Axes
  3097 | D:4      | Noticed Edmund
  3119 | D:4      | Killed Edmund
  3120 | D:4      | Reached skill level 7 in Axes
  3120 | D:4      | Reached skill level 4 in Armour
  3120 | D:4      | Reached XP level 6. HP: 13/51 MP: 6/6
  3492 | D:4      | Reached * piety under Beogh
  3685 | D:5      | Entered Level 5 of the Dungeon
  3723 | D:4      | Reached skill level 8 in Axes
  3723 | D:4      | Reached XP level 7. HP: 55/57 MP: 7/7
  4202 | D:5      | Found a staircase to the Ecumenical Temple.
  4236 | D:5      | Reached skill level 9 in Axes
  4657 | D:5      | Reached skill level 10 in Axes
  4763 | D:5      | Reached XP level 8. HP: 30/64 MP: 8/8
  4774 | D:5      | Reached ** piety under Beogh
  5103 | D:6      | Reached skill level 11 in Axes
  5254 | D:6      | Found a runed translucent door.
  5255 | D:6      | Found a runed translucent door.
  5276 | D:6      | Found a glowing drain.
  5290 | Sewer    | Entered a sewer
  5471 | Sewer    | Reached skill level 12 in Axes
  6035 | D:6      | Reached skill level 13 in Axes
  6037 | D:6      | Reached *** piety under Beogh
  6042 | D:6      | Reached XP level 9. HP: 24/70 MP: 9/9
  6230 | D:7      | Found a shimmering altar of Xom.
  6392 | D:7      | Reached skill level 14 in Axes
  6425 | D:7      | Noticed Duvessa
  6440 | D:7      | Killed Duvessa
  6441 | D:7      | Noticed Dowan
  6449 | D:7      | Killed Dowan
  6580 | D:7      | Noticed Joseph
  6599 | D:7      | Killed Joseph
  6600 | D:7      | Reached skill level 15 in Axes
  6744 | D:7      | Noticed Menkaure
  6753 | D:7      | Killed Menkaure
  6947 | D:7      | Found a runed translucent door.
  6948 | D:7      | Noticed Crazy Yiuf
  7235 | D:8      | Found Caon's Magic Scroll Emporium.
  7244 | D:8      | Bought a scroll of enchant weapon for 97 gold pieces
  7244 | D:8      | Bought a scroll of enchant weapon for 97 gold pieces
  7244 | D:8      | Bought a scroll of brand weapon for 123 gold pieces
  7466 | D:8      | Reached skill level 16 in Axes
  7527 | D:8      | Found a hide-covered altar of Uskayaw.
  7697 | D:8      | Found a basalt altar of Yredelemnul.
  7738 | D:8      | Found an iron altar of Okawaru.
  7800 | D:8      | Reached skill level 5 in Armour
  7864 | D:8      | Identified the +2 dagger of Arbitration {venom, Will++
                  | Int+2}
  8076 | D:9      | Reached skill level 4 in Fighting
  8089 | D:9      | Reached skill level 5 in Fighting
  8089 | D:9      | Reached skill level 6 in Armour
  8089 | D:9      | Reached XP level 10. HP: 52/81 MP: 10/10
  8103 | D:9      | Reached skill level 6 in Fighting
  8525 | D:9      | Reached skill level 7 in Armour
  8528 | D:9      | Reached **** piety under Beogh
  8833 | D:9      | Reached skill level 7 in Fighting
  9002 | D:9      | Found a white marble altar of Elyvilon.
  9089 | D:9      | Found a sparkling altar of Nemelex Xobeh.
  9476 | D:10     | Entered Level 10 of the Dungeon
  9493 | D:10     | Found a staircase to the Lair.
  9502 | D:10     | Reached skill level 8 in Armour
  9542 | D:10     | Reached skill level 8 in Fighting
  9641 | D:10     | Noticed a gargoyle
  9650 | D:10     | Killed a gargoyle
  9820 | D:10     | Noticed Lodul
  9824 | D:10     | Reached skill level 9 in Armour
  9825 | D:10     | Reached skill level 9 in Fighting
  9832 | D:10     | Reached XP level 11. HP: 97/97 MP: 11/11
  9843 | D:10     | Killed Lodul
  9940 | D:10     | Identified the +2 rapier "Killer Bee's Curse" {flame, Fly
                  | Str+3 Dex+4}
  9993 | D:11     | Noticed a manticore
 10005 | D:11     | Killed a manticore
 10117 | D:11     | Identified the +2 sling of Untruth {speed, +Blink rPois
                  | Dex+3}
 10126 | D:11     | Noticed a two-headed ogre
 10136 | D:11     | Killed a two-headed ogre
 10137 | D:11     | Reached skill level 10 in Fighting
 10137 | D:11     | Reached skill level 10 in Armour
 10298 | D:11     | Noticed a two-headed ogre
 10304 | D:11     | Killed a two-headed ogre
 10373 | D:11     | Noticed a centaur warrior
 10380 | D:11     | Killed a centaur warrior
 10381 | D:11     | Noticed Sonja
 10392 | D:11     | Noticed a boulder beetle
 10396 | D:11     | Killed Sonja
 10396 | D:11     | Reached ***** piety under Beogh
 10406 | D:11     | Noticed a cyclops
 10416 | D:11     | Killed a cyclops
 10417 | D:11     | Reached skill level 11 in Fighting
 10564 | D:11     | Killed a boulder beetle
 10565 | D:11     | Reached skill level 11 in Armour
 11194 | D:12     | Noticed a cyclops
 11208 | D:12     | Killed a cyclops
 11361 | D:12     | Found a staircase to the Orcish Mines.
 11411 | D:12     | Gained Bogmar as an ally
 11538 | Orc:1    | Entered Level 1 of the Orcish Mines
 11611 | Orc:2    | Entered Level 2 of the Orcish Mines
 11628 | Orc:2    | Gained Gorg as an ally
 11725 | Orc:2    | Noticed an oklob plant
 11819 | Orc:2    | Killed an oklob plant
 11820 | Orc:2    | Reached skill level 12 in Fighting
 11841 | Orc:2    | Found Kyjuckuo's General Store.
 11896 | Orc:2    | Found a staircase to the Elven Halls.
 11968 | Orc:2    | Noticed an orc sorcerer
 11969 | Orc:2    | Found Zehecw's Assorted Antiques.
 11973 | Orc:2    | Noticed an orc sorcerer
 11974 | Orc:2    | Noticed an orc high priest
 11978 | Orc:2    | Noticed an orc high priest
 11982 | Orc:2    | Noticed an orc high priest
 11986 | Orc:2    | Noticed an orc knight
 11986 | Orc:2    | HP: 5/104 [orc high priest/divine providence (12)]
 11986 | Orc:2    | Slain by an orange demon

Vanquished Creatures
  A centaur warrior (D:11)
  A two-headed ogre (D:11)
  Lodul (D:10)
  2 cyclopes
  Joseph (D:7)
  3 gargoyles
  2 trolls
  3 shadows
  2 vampires
  7 yaks
  2 wraiths
  A steam dragon (D:8)
  Edmund (D:4)
  Menkaure (D:7)
  A two-headed ogre zombie (D:12)
  Duvessa (D:7)
  4 orc warriors
  An ice beast (D:8)
  A sky beast (D:7)
  A black bear (D:6)
  5 ogres
  2 centaurs
  A phantom (D:12)
  4 kobold brigands
  2 bullfrogs
  2 necrophages (D:7)
  7 scorpions
  4 wights (D:9)
  Dowan (D:7)
  2 killer bees (D:6)
  2 troll zombies (D:12)
  4 howler monkeys
  3 jellies
  2 gnoll boudas
  4 orc priests
  4 hounds
  5 iguanas
  5 orc wizards
  4 ogre zombies (D:12)
  6 adders
  8 gnolls
  4 river rats (Sewer)
  A shadow imp (D:8)
  A white imp (D:6)
  3 ufetubi
  2 worms
  2 dart slugs
  25 orcs
  2 endoplasms
  10 giant cockroaches
  9 goblins
  7 hobgoblins
  2 jackals (D:1)
  24 kobolds
  6 quokkas
  12 ball pythons
  A bat (D:1)
  10 frilled lizards
  A goblin skeleton (D:12)
  5 goblin zombies (D:12)
  A hobgoblin skeleton (D:12)
  3 hobgoblin zombies (D:12)
  13 orc zombies (D:12)
  15 rats
273 creatures vanquished.

Vanquished Creatures (collateral kills)
  A two-headed ogre (D:11)
  A boulder beetle (D:11)
  Sonja (D:11)
  A manticore (D:11)
  An oklob plant (Orc:2)
  A komodo dragon (D:11)
  A troll (D:11)
  A wyvern (D:10)
  A yak (D:10)
  A steam dragon (D:10)
  An acid dragon (D:9)
  3 wargs (D:10)
  2 orc warriors (Orc:2)
  3 ogres (D:10)
  A centaur (D:9)
  A killer bee (D:11)
  A hound (D:7)
  2 orc priests (Orc:2)
  11 orc wizards
  An ogre zombie (D:12)
  A gnoll (D:9)
  11 orcs
  A goblin skeleton (D:12)
  An orc zombie (D:12)
50 creatures vanquished.

Vanquished Creatures (others)
  An orc sorcerer (Orc:2)
  4 orc wizards
  4 orc warriors
  2 orc priests (Orc:2)
  15 orcs
  A plant (D:3)
27 creatures vanquished.

Grand Total: 350 creatures vanquished

Table legend: (Time is in decaauts)
 A = Elapsed time spent in this place.
 B = Non-inter-level travel time spent in this place.
 C = Inter-level travel time spent in this place.
 D = Time resting spent in this place.
 E = Time spent auto-exploring this place.
 F = Levels seen in this place.
 G = Mean time per level.
                   A        B        C        D        E       F      G
               +--------+--------+--------+--------+--------+-----+--------+
         Total |  11960 |  11596 |    364 |    984 |   8757 |  15 |  797.3 |
       Dungeon |  11208 |  10850 |    358 |    984 |   8219 |  12 |  934.0 |
  Orcish Mines |    441 |    435 |      6 |      0 |    330 |   2 |  220.5 |
         Sewer |    310 |    310 |      0 |      0 |    208 |   1 |  310.0 |
               +--------+--------+--------+--------+--------+-----+--------+

Top non-repeatable levels by time:
     D:5: 1253 daAuts
     D:9: 1191 daAuts
    D:11: 1178 daAuts
     D:8: 1139 daAuts
     D:4: 1062 daAuts
     D:1: 981 daAuts
     D:2: 968 daAuts
     D:3: 894 daAuts
     D:7: 872 daAuts
     D:6: 821 daAuts
    D:10: 502 daAuts
   Orc:2: 369 daAuts
    D:12: 340 daAuts
   Sewer: 310 daAuts
   Orc:1: 72 daAuts

Table legend:
 A = Non-vault XP
 B = Vault XP
 C = Vault XP percentage of total XP
 D = Non-vault monster count
 E = Vault monster count
 F = Vault count percentage of total count
                 A         B        C        D         E       F
            +---------+---------+-------+---------+---------+-------
      Total |   11886 |    6275 |  34.6 |     200 |     123 |  38.1
            +---------+---------+-------+---------+---------+-------
        D:1 |      49 |       0 |   0.0 |      28 |       0 |   0.0
        D:2 |       9 |      14 |  60.9 |       4 |       1 |  20.0
        D:3 |      27 |       8 |  22.9 |      13 |       4 |  23.5
        D:4 |     316 |     251 |  44.3 |      25 |       4 |  13.8
        D:5 |     590 |       0 |   0.0 |      24 |       0 |   0.0
        D:6 |     430 |     574 |  57.2 |      17 |      14 |  45.2
        D:7 |     521 |     691 |  57.0 |       9 |       4 |  30.8
        D:8 |     527 |       6 |   1.1 |      12 |       3 |  20.0
        D:9 |    2438 |     424 |  14.8 |      29 |       5 |  14.7
       D:10 |     879 |    2159 |  71.1 |       6 |      16 |  72.7
       D:11 |    4888 |     615 |  11.2 |      16 |       3 |  15.8
       D:12 |     741 |     952 |  56.2 |       2 |      36 |  94.7
      Orc:1 |      27 |       0 |   0.0 |       2 |       0 |   0.0
      Orc:2 |     444 |     477 |  51.8 |      13 |       5 |  27.8
      Sewer |       0 |     104 | 100.0 |       0 |      28 | 100.0
            +---------+---------+-------+---------+---------+-------
